AoeStats
← Bosco De Gama

Arabia

508884057Analyzed
1v1 RM · 7d ago on Sep 24, 2026· 24m 49s· 2 players
Game mode
Random Map
Map size
Tiny (2 player)
Population
200
Speed
Normal
Resources
Standard
Victory
Conquest
Starting age
Dark Age
Ending age
Imperial Age
RankedLock teamsTeams togetherTeam positionsShared explorationLock speedFull tech treeHidden civsTurbo modeCheats
Victory
Defeat
🇬🇧 Danes · United Kingdom
1220
+15
🇪🇸 Berbers · Spain
1193
-15
Bosco De Gama
3:01 Loom
10:18 Feudal Age
11:46 Horse Collar
19:47 Wheelbarrow
dDubs
6:18 Loom
9:41 Feudal Age
10:12 Double-Bit Axe
10:48 Man-at-Arms
13:51 Arson
15:03 Scale Mail Armor
16:55 Forging
19:40 Fletching
19:54 Horse Collar
21:28 Padded Archer Armor
24:45 Castle Age
Connection lost

Rejoining the realm…

Still unreachable

The connection could not be restored.

Session expired

The server has moved on; the page needs a fresh start.